 Dungeon Crawl Stone Soup version 0.21.1-1-g345015f (webtiles) character file.

125 Mirai the Magician (level 4, -2/24 HPs)
             Began as a Deep Elf Conjurer on Apr 5, 2018.
             Slain by Sigmund
             ... wielding a +0 scythe
              (14 damage)
             ... on level 2 of the Dungeon.
             The game lasted 00:03:49 (2027 turns).

Mirai the Magician (Deep Elf Conjurer)              Turns: 2027, Time: 00:03:50

Health: -2/24      AC:  3    Str:  5    XL:     4   Next: 82%
Magic:  10/14      EV: 13    Int: 21    God:
Gold:   113        SH:  0    Dex: 15    Spells: 13/16 levels left

rFire    . . .     SeeInvis .   d - +2 dagger (venom)
rCold    . . .     Gourm    .   (no shield)
rNeg     . . .     Faith    .   a - +0 robe
rPois    .         Spirit   .   o - +0 helmet
rElec    .         Reflect  .   (no cloak)
rCorr    .         Harm     .   (no gloves)
MR       .....                  (no boots)
Stlth    ++........             (no amulet)
HPRegen  0.08/turn              (no ring)
MPRegen  0.14/turn              (no ring)

@: no status effects
A: no striking features
a: no special abilities


You were on level 2 of the Dungeon.
You were not hungry.

You visited 1 branch of the dungeon, and saw 2 of its levels.

You collected 113 gold pieces.

Inventory:

Hand Weapons
 d - a +2 dagger of venom (weapon)
Armour
 a - a +0 robe (worn)
 o - a +0 helmet (worn)
Scrolls
 e - a scroll of immolation {unknown}
 f - a scroll of enchant weapon {unknown}
 g - a scroll of amnesia {unknown}
 h - a scroll of fog {unknown}
 i - 2 scrolls of remove curse {unknown}
 j - a scroll of fear {unknown}
 k - 2 scrolls of identify {unknown}
 l - a scroll of noise {unknown}
 p - 2 scrolls of teleportation {unknown}
Potions
 q - 2 potions of lignification {unknown}
Books
 b - a book of Conjurations

   Spells                             Type                      Level
   a - Magic Dart                     Conjuration                  1
   b - Searing Ray                    Conjuration                  2
   c - Dazzling Spray                 Conjuration/Hexes            3
   d - Fulminant Prism                Conjuration/Hexes            4
   e - Force Lance                    Conjuration/Translocation    4
   f - Iskenderun's Mystic Blast      Conjuration                  4
Comestibles
 c - 3 rations


   Skills:
 - Level 2.4 Dodging
 - Level 2.4 Stealth
 + Level 6.9 Spellcasting
 - Level 4.3 Conjurations


You had 13 spell levels left.
You knew the following spells:

 Your Spells              Type           Power        Failure   Level  Hunger
a - Magic Dart            Conj           ####         1%          1    None
b - Searing Ray           Conj           ####..       2%          2    None


Dungeon Overview and Level Annotations

Branches:
Dungeon (2/15)

Altars:
Ashenzari
Qazlal

Annotations:
D:2 Sigmund


Message History

Something tries to affect you, but you resist.
A puff of flame appears from out of thin air!
The puff of flame hits you!
It was a potion of ambrosia.
You are confused.
You feel invigorated.
You feel less invigorated.
You feel less confused. Something hits you!
Casting: Searing Ray
Confirm with . or Enter, or press ? or * to list all spells.
Aiming: Searing Ray
Press: ? - help, Shift-Dir - straight line The searing ray hits something. (Press . to maintain the ray.)
Something hits you.
The searing ray hits something.
Something hits you but does no damage.
You finish channeling your searing ray.
Something hits you!
Ouch! That really hurt!
You die...

...#.....#.#####.####.###.#####
#..####..#.# #.#......#......
...#....>#.# #.#.####...#.#
..<#.##.##.# #.#.####.#.#.#
...#.#...#.# #.#......#.# ...
...#.#...#.# #.#####..#.###.#
...#.#...#.#####{# ###..#......
..##.#........##.###..).......#
..............##@#.............
#.#####.#.....##.#.#......####.
.≈............##.# #......#
....§§........##.# #.....##
..§≈≈≈.≈.§§...##.# #.....#
...≈≈≈≈≈§≈§...##.# #.....#
...§≈≈§§§§≈§..##.# ###'###
....≈≈.⌠§≈≈≈..##.#+###)####
....≈§_§§§≈≈≈.#.......)...#


There were no monsters in sight!

Vanquished Creatures
  Natasha (twice) (D:2)
  Robin (D:2)
  A worm (D:2)
  2 dart slugs (D:1)
  2 leopard geckos
  A ball python (D:1)
  8 bats (D:1)
  A giant cockroach (D:1)
  10 goblins
  12 hobgoblins
  3 frilled lizards
  3 kobolds
  6 rats
52 creatures vanquished.

Notes
Turn   | Place    | Note
-------+----------+-------------------------------------------
     0 | D:1      | Mirai the Deep Elf Conjurer began the quest for the Orb.
     0 | D:1      | Reached XP level 1. HP: 10/10 MP: 6/6
   542 | D:1      | Reached skill level 4 in Spellcasting
   542 | D:1      | Reached XP level 2. HP: 13/15 MP: 5/9
   590 | D:1      | Learned a level 2 spell: Searing Ray
   857 | D:1      | Reached XP level 3. HP: 19/19 MP: 2/11
   889 | D:1      | Reached skill level 5 in Spellcasting
  1183 | D:2      | Noticed Robin
  1492 | D:2      | Found a shattered altar of Ashenzari.
  1511 | D:2      | Found a stormy altar of Qazlal.
  1516 | D:2      | Noticed Natasha
  1535 | D:2      | Killed Robin
  1571 | D:2      | Killed Natasha
  1571 | D:2      | Reached skill level 6 in Spellcasting
  1571 | D:2      | Reached XP level 4. HP: 15/24 MP: 3/14
  1620 | D:2      | Noticed Natasha
  1625 | D:2      | Killed Natasha
  1990 | D:2      | Noticed Sigmund
  2027 | D:2      | Slain by Sigmund

Skill      XL: |  1  2  3 |
---------------+----------+-----
Spellcasting   | 4 6 |  6.9
Dodging        | |  2.4
Stealth        | |  2.4
Conjurations   | |  4.3

Action                   |  1- 3 |  4- 6 || total
-------------------------+-------+-------++-------
Melee: Unarmed           |     9 |       ||     9
 Cast: Magic Dart        |    76 |    15 ||    91
       Searing Ray       |     5 |     3 ||     8
  Use: Potion            |       |     1 ||     1
  Eat: Chunk             |     2 |     1 ||     3
Armor: Robe              |     5 |       ||     5
Dodge: Dodged            |    19 |     2 ||    21
